AoeStats
← CR@cid

Black Forest

503458694Analyzed
3v3 RM · 1mo ago on Aug 31, 2026· 63m 7s· 6 players
Game mode
Random Map
Map size
Normal (6 player)
Population
200
Speed
Normal
Resources
Standard
Victory
Conquest
Starting age
Dark Age
Ending age
Imperial Age
RankedLock teamsTeams togetherTeam positionsShared explorationLock speedFull tech treeHidden civsTurbo modeCheats
Victory
Defeat
🇩🇪 Spanish · Germany
1082
+10
🇩🇪 Bohemians · Germany
1040
+12
🇩🇪 Teutons · Germany
794
+23
🇹🇷 Spanish · Türkiye
961
-15
🇹🇷 Italians · Türkiye
960
-15
🇹🇷 Franks · Türkiye
928
-14
Faatig
0:28 Loom
13:33 Feudal Age
17:34 Castle Age
16:11 Double-Bit Axe
18:38 Horse Collar
24:31 Bow Saw
26:01 Heavy Plow
29:25 Wheelbarrow
30:00 Gold Mining
31:16 Hand Cart
31:50 Husbandry
32:13 Stone Mining
36:20 Imperial Age
34:03 Scale Barding Armor
34:12 Bloodlines
34:08 Town Watch
35:08 Chain Barding Armor
35:47 Ballistics
35:41 Masonry
35:46 Forging
35:26 Fletching
36:14 Light Cavalry
37:33 Iron Casting
36:28 Elite Conquistador
38:02 Plate Barding Armor
38:06 Conscription
38:57 Chemistry
39:14 Two-Man Saw
38:47 Architecture
38:24 Hussar
40:06 Blast Furnace
40:31 Bodkin Arrow
42:31 Hoardings
ademhalit
2:25 Loom
11:52 Feudal Age
12:53 Horse Collar
13:08 Double-Bit Axe
18:03 Stone Mining
20:37 Castle Age
18:49 Gold Mining
19:36 Padded Archer Armor
19:26 Fletching
19:35 Fletching
21:18 Wheelbarrow
20:52 Town Watch
23:09 Leather Archer Armor
22:50 Bodkin Arrow
22:37 Man-at-Arms
ReuZess
12:36 Feudal Age
13:37 Double-Bit Axe
20:14 Castle Age
21:47 Bow Saw
22:36 Gold Mining
22:40 Stone Mining
23:49 Forging
25:23 Iron Casting
27:45 Scale Barding Armor
28:26 Wheelbarrow
28:37 Husbandry
29:06 Chain Barding Armor
32:54 Gold Shaft Mining
37:58 Imperial Age
35:54 Hand Cart
38:34 #83
38:11 Cavalier
39:59 Paladin
basstler
1:01 Loom
14:28 Feudal Age
17:52 Castle Age
17:02 Double-Bit Axe
19:22 Bow Saw
20:48 Wheelbarrow
23:36 Horse Collar
24:13 Forging
24:09 Scale Barding Armor
26:25 Bloodlines
26:21 Husbandry
27:36 Chain Barding Armor
28:55 Iron Casting
29:05 Hand Cart
29:08 Padded Archer Armor
30:54 Leather Archer Armor
30:29 Fletching
36:22 Imperial Age
34:11 Bodkin Arrow
35:37 Heavy Plow
35:20 Elite Skirmisher
36:23 Cavalier
38:00 Caravan
40:10 Blast Furnace
39:45 Plate Barding Armor
39:06 Paladin
41:35 Elite Conquistador
42:38 Conscription
42:51 Thumb Ring
45:14 Light Cavalry
49:05 Town Watch
qu4nt0r3n5chw31n
2:00 Loom
12:53 Feudal Age
16:52 Castle Age
15:24 Double-Bit Axe
15:26 Horse Collar
20:22 Chemistry
21:29 Padded Archer Armor
29:57 Murder Holes
33:40 Imperial Age
32:57 Wheelbarrow
34:42 Leather Archer Armor
34:42 Pikeman
36:49 Halberdier
37:44 Squires
37:46 Scale Mail Armor
37:44 Arson
41:24 Hand Cart
42:13 Chain Mail Armor
42:09 Forging
45:48 Plate Mail Armor
48:48 Ring Archer Armor
50:41 Iron Casting
CR@cid
3:27 Loom
14:26 Feudal Age
15:34 Horse Collar
15:44 Double-Bit Axe
18:15 Town Watch
19:05 Wheelbarrow
18:23 Gold Mining
18:24 Stone Mining
22:20 Bloodlines
24:30 Arson
24:48 Fletching
25:09 Forging
25:00 Scale Mail Armor
25:07 Scale Barding Armor
27:10 Castle Age
29:01 Stone Shaft Mining
31:46 Town Patrol
32:02 Hand Cart
32:32 Iron Casting
31:54 Bodkin Arrow
32:16 Chain Mail Armor
32:22 Chain Barding Armor
32:34 Bow Saw
34:03 Heavy Plow
43:31 Imperial Age
41:36 Ballistics
41:35 Masonry
46:14 Cavalier
50:05 Paladin
51:57 Crop Rotation
54:42 Conscription
55:01 Crenellations
55:18 Hoardings
57:45 Plate Barding Armor
Connection lost

Rejoining the realm…

Still unreachable

The connection could not be restored.

Session expired

The server has moved on; the page needs a fresh start.